 Dungeon Crawl Stone Soup version 0.23-a0-577-g2b1de94 (console) character file.

56655 bli the Geomancer (level 14, -1/86 HPs)
             Began as a Gargoyle Earth Elementalist on Dec 2, 2018.
             Was a High Priest of Vehumet.
             Slain by a naga sharpshooter
             ... wielding a +0 war axe
              (14 damage)
             ... on level 1 of the Snake Pit on Dec 15, 2018.
             The game lasted 02:35:31 (20227 turns).

bli the Geomancer (Gargoyle Earth Elementalist)    Turns: 20227, Time: 02:35:32

Health: -1/86      AC: 30    Str: 12 (14) XL:     14   Next: 82%
Magic:  27/30      EV: 11    Int: 28      God:    Vehumet [*****.]
Gold:   1124       SH: 10    Dex: 11      Spells: 9/38 levels left

rFire    + . .     SeeInvis +   a - +7 demon whip (venom)
rCold    . . .     Gourm    .   m - +2 buckler
rNeg     + . .     Faith    .   q - +6 acid dragon scales
rPois    ∞         Spirit   .   n - +0 helmet
rElec    +         Reflect  .   W - +0 cloak of Luezuehe {rF+ Str+2 Stlth+} (curse)
rCorr    +         Harm     .   (no gloves)
MR       +....     NoTele   +   u - +1 pair of boots
Stlth    ++++++....             (no amulet)
HPRegen  0.24/turn              A - ring of Pyromania {Wiz rElec Int+4 Stlth+}
MPRegen  0.22/turn              j - ring of Batsoeb {-Tele rPois Int+6 SInv Stlth+}

@: flying, constricted
A: big wings, large bone plates 1, molten scales 1, rugged brown scales 1,
deterioration 1, negative energy resistance 1, screaming 1, electricity
resistance, weak 1, unbreathing, petrification resistance, rot immunity, AC +10
a: Stop Flying, Renounce Religion


You were on level 1 of the Snake Pit.
You worshipped Vehumet.
Vehumet was extremely pleased with you.
You were hungry.

You visited 5 branches of the dungeon, and saw 20 of its levels.
You also visited: Ossuary.

You collected 1628 gold pieces.
You spent 504 gold pieces at shops.

Inventory:

Hand Weapons
 a - a +7 demon whip of venom (weapon)
 M - a +0 blowgun
Missiles
 p - 9 javelins (quivered)
 v - 11 tomahawks
 B - 288 stones
 V - 14 curare-tipped needles
Armour
 c - a +2 robe of cold resistance
 m - a +2 buckler (worn)
 n - a +0 helmet (worn)
 q - +6 acid dragon scales (worn)
 t - a scarf of cloud immunity
 u - a +1 pair of boots (worn)
 W - the cursed +0 cloak of Luezuehe (worn) {rF+ Str+2 Stlth+}
   (You found it on level 2 of the Lair of Beasts)

   It affects your strength (+2).
   It protects you from fire.
   It makes you more stealthy.
   It has a curse placed upon it.
Magical Staves
 b - an uncursed staff of energy
Jewellery
 f - an uncursed ring of wizardry
 j - the ring of Batsoeb (right hand) {-Tele rPois Int+6 SInv Stlth+}
   (You bought it in a shop on level 8 of the Dungeon)

   [ring of see invisible]

   It affects your intelligence (+6).
   It protects you from poison.
   It lets you see invisible.
   It prevents most forms of teleportation.
   It makes you more stealthy.
 A - the ring of Pyromania (left hand) {Wiz rElec Int+4 Stlth+}
   (You found it on level 2 of the Lair of Beasts)

   [ring of wizardry]

   It improves your spell success rate.
   It affects your intelligence (+4).
   It insulates you from electricity.
   It makes you more stealthy.
 H - an uncursed ring of protection from fire
 K - a +5 ring of dexterity
 O - the ring of the King {*Tele rF+ Int+3 Slay-3}
   (You found it on level 6 of the Lair of Beasts)

   [ring of teleportation]

   It may teleport you next to monsters.
   It affects your intelligence (+3).
   It affects your accuracy and damage with ranged weapons and melee attacks
   (-3).
   It protects you from fire.
 P - an uncursed ring of ice
Wands
 y - a wand of acid (7)
 D - a wand of scattershot (2)
Scrolls
 g - 8 scrolls of teleportation
 h - 12 scrolls of remove curse
 r - 2 scrolls of fear
 w - a scroll of silence {unknown}
 C - a scroll of blinking
 L - a scroll of torment
 N - 2 scrolls of fog {unknown}
 Q - a scroll of immolation
 R - 3 scrolls of magic mapping
 Y - 2 scrolls of noise {unknown}
Potions
 e - 4 potions of heal wounds
 i - 14 potions of curing
 k - a potion of mutation
 l - 2 potions of degeneration {unknown}
 o - 2 potions of haste {unknown}
 s - 6 potions of might
 E - 2 potions of agility
 F - 2 potions of brilliance
 G - 2 potions of resistance {unknown}
 J - a potion of magic
 S - a potion of lignification
 U - 2 potions of ambrosia
 Z - a potion of invisibility
Miscellaneous
 I - a lamp of fire
 T - a sack of spiders
Comestibles
 d - 43 rations


   Skills:
 * Level 8.2 Fighting
 + Level 10.2(10.4) Maces & Flails
 + Level 2.3(6.9) Staves
 + Level 3.8 Armour
 + Level 6.6 Dodging
 + Level 6.0 Stealth
 - Level 4.0 Shields
 + Level 12.7 Spellcasting
 + Level 7.1 Conjurations
 + Level 3.2 Hexes
 + Level 1.0 Transmutations
 + Level 14.1 Earth Magic


You had 9 spell levels left.
You knew the following spells:

 Your Spells              Type           Power        Failure   Level  Hunger
a - Magic Dart            Conj           ####         1%          1    None
b - Sandblast             Erth           ######       0%          1    None
c - Conjure Flame         Conj/Fire      #####...     1%          3    None
d - Lee's Rapid Deconstr  Erth           #######...   1%          5    ##.....
r - Searing Ray           Conj           ######       1%          2    None
s - Stone Arrow           Conj/Erth      ######       1%          3    None
z - Dazzling Spray        Conj/Hex       #####.       1%          3    None
P - Petrify               Tmut/Erth      ######..     1%          4    None
W - Passwall              Tmut/Erth      ######..     1%          2    None
Y - Yara's Violent Unrav  Hex/Tmut       ####......   6%          5    ##.....

Your spell library contained the following spells:

 Spells                   Type           Power        Failure   Level  Hunger
 Throw Icicle             Conj/Ice       #####...     1%          4    None
 Beastly Appendage        Tmut           ###...       1%          1    None
 Confusing Touch          Hex            #####.       1%          1    None
 Sticks to Snakes         Tmut           ###.....     1%          2    None
 Confuse                  Hex            #####...     1%          3    None
 Spider Form              Tmut/Pois      ###.......   4%          3    None
 Gell's Gravitas          Tloc           ###.......   5%          3    None
 Ice Form                 Ice/Tmut       ###.....     14%         4    None
 Metabolic Englaciation   Hex/Ice        ####......   26%         5    ##.....
 Blade Hands              Tmut           ###.......   32%         5    ##.....


Dungeon Overview and Level Annotations

Branches:
Dungeon (11/15)            Temple (1/1) D:6            Lair (6/6) D:11
  Swamp (0/4) Lair:2        Snake (1/4) Lair:2        Slime (1/5) Lair:5
    Orc: D:9-12

Altars:
Ashenzari
Cheibriados
Dithmenos
Elyvilon
Fedhas
Gozag
Hepliaklqana
Kikubaaqudgha
Makhleb
Nemelex Xobeh
Okawaru
Qazlal
Ru
Sif Muna
Uskayaw
Vehumet
Wu Jian
Xom
Yredelemnul
Zin
Jiyva

Shops:
D:8 =


Innate Abilities, Weirdness & Mutations

You are resistant to torment.
Your stone body is resilient. (AC +10)
You are immune to poison.
Your large and strong wings let you fly indefinitely.
You resist negative energy. (rN+)
You are resistant to electric shocks. (rElec)
You can survive without breathing.
You are immune to petrification.
You are immune to rotting.
You are partially covered in large bone plates. (SH +4)
You are partially covered in molten scales. (AC +2)
You are partially covered in rugged brown scales. (AC +1, +3% HP)
Your body sometimes deteriorates upon taking damage.
You occasionally shout uncontrollably at your foes.
You are weak. (Str -2)


Message History

You are engulfed in flames.
You resist.
The naga sharpshooter unwields a +0 shortbow.
The naga sharpshooter wields a +0 war axe.
The naga sharpshooter misses you. The black mamba bites you.
* * * LOW HITPOINT WARNING * * *
You block the naga's attack.
You fly up into the air.
You feel somewhat more hungry.
You block the black You block the anaconda's attack.
The anaconda constricts you.
The anaconda
* * * LOW HITPOINT WARNING * * *
The black mamba bites you.
* * * LOW HITPOINT WARNING * * *
The naga sharpshooter mumbles some strange words.
The naga sharpshooter magically shoots a bolt.
The bolt hits you but does no damage. The naga mage barely misses you.
The anaconda bites you but does no damage.
The anaconda barely misses you. The anaconda constricts you.
The black mamba bites you but does no damage.
The salamander hits you but does no damage.
The naga sharpshooter hits you with a +0 war axe!
You die...

.... .... #..
#.. # #+####.#
#.#..>#.N#####
#.......N....#
#...SSN....#
###.S@S....#
#..N........
#..N.N......
..#...N....?.
..?###N.......
.... ##.....##
... ..#... ...
......


You could see a naga warrior, 2 naga sharpshooters, a salamander, 2 anacondas, 2
black mambas, a naga mage and 3 nagas.

Vanquished Creatures
  Rupert (Lair:6)
  Gastronok (D:11)
  Josephine (Lair:4)
  13 hydras
  Fannar (D:10)
  A naga warrior (Lair:2)
  A catoblepas (Lair:2)
  An anaconda (Lair:2)
  A two-headed ogre (D:10)
  3 death yaks (Lair:6)
  Sonja (Lair:2)
  2 mana vipers (Snake:1)
  An oklob plant (Lair:1)
  A shining eye (Slime:1)
  9 black mambas
  Maurice (D:11)
  A torpor snail (Lair:6)
  Psyche (D:9)
  14 spiny frogs
  2 komodo dragons (Lair:2)
  2 rime drakes (Lair:4)
  A troll (D:11)
  7 hornets (Lair:6)
  4 polar bears
  7 blink frogs
  Grinder (D:4)
  9 hippogriffs
  15 spriggans (Lair:6)
  6 wraiths
  39 yaks
  2 shadows
  4 wyverns
  Grum (D:9)
  2 hungry ghosts
  2 basilisks
  Menkaure (D:4)
  An acid dragon (D:11)
  5 nagas (Lair:2)
  A soldier ant (D:10)
  Duvessa (D:6)
  7 water moccasins
  6 porcupines
  5 black bears (Lair:6)
  An ice beast (D:8)
  2 sky beasts (D:7)
  3 orc warriors
  3 boggarts
  4 phantoms
  8 ogres
  22 wolves
  13 crocodiles
  5 centaurs
  13 bullfrogs
  Dowan (D:6)
  A water moccasin zombie (Ossuary)
  7 scorpions
  10 wights
  A howler monkey (D:5)
  3 bullfrog zombies
  3 crimson imps
  2 hounds
  4 jellies
  Crazy Yiuf (D:3)
  7 orc priests
  2 bullfrog skeletons
  6 orc wizards
  2 centaur skeletons (D:10)
  5 iguanas
  12 worker ants
  Natasha (thrice) (D:3)
  Ijyb (D:3)
  3 big kobold zombies (Ossuary)
  2 mummies (Ossuary)
  A worker ant zombie (D:6)
  8 adders
  A shadow imp (D:10)
  2 oozes (D:3)
  An adder skeleton (D:4)
  5 adder zombies
  A worm (D:5)
  6 leopard geckos
  32 orcs
  2 giant cockroaches
  5 goblins
  5 hobgoblins
  11 jackals
  6 quokkas
  2 frilled lizards
  A gnoll zombie (Ossuary)
  4 hobgoblin zombies (Ossuary)
  2 kobolds (D:1)
  8 kobold zombies (Ossuary)
  2 leopard gecko skeletons
  A leopard gecko zombie (D:5)
  7 orc zombies (Ossuary)
  A rat (D:3)
  3 plants (Lair:1)
453 creatures vanquished.

Vanquished Creatures (others)
  9 fungi
  19 plants
28 creatures vanquished.

Grand Total: 481 creatures vanquished

Notes
Turn   | Place    | Note
-------+----------+-------------------------------------------
     0 | D:1      | bli the Gargoyle Earth Elementalist began the quest for the
                  | Orb.
     0 | D:1      | Reached XP level 1. HP: 10/10 MP: 3/3
   618 | D:1      | Reached skill level 4 in Earth Magic
   634 | D:1      | Reached XP level 2. HP: 15/15 MP: 5/5
  1136 | D:2      | Found a deep blue altar of Sif Muna.
  1148 | D:2      | Reached XP level 3. HP: 19/19 MP: 1/7
  1198 | D:2      | Learned a level 3 spell: Stone Arrow
  2005 | D:3      | Reached skill level 1 in Shields
  2070 | D:3      | Reached XP level 4. HP: 24/24 MP: 1/8
  2269 | D:3      | Noticed Ijyb
  2320 | D:3      | Killed Ijyb
  2497 | D:3      | Reached XP level 5. HP: 27/28 MP: 10/10
  2558 | D:3      | Noticed Natasha
  2561 | D:3      | Killed Natasha
  2666 | D:3      | Found a runed door.
  2670 | D:3      | Noticed Crazy Yiuf
  2674 | D:3      | Killed Crazy Yiuf
  2763 | D:3      | Noticed Natasha
  2771 | D:3      | Killed Natasha
  2771 | D:3      | Reached skill level 5 in Earth Magic
  2932 | D:3      | Noticed Natasha
  2942 | D:3      | Killed Natasha
  2942 | D:3      | Reached XP level 6. HP: 26/32 MP: 6/11
  2952 | D:3      | Learned a level 5 spell: Lee's Rapid Deconstruction
  3234 | D:4      | Reached skill level 6 in Earth Magic
  3251 | D:4      | Reached skill level 1 in Fighting
  3430 | D:4      | Reached XP level 7. HP: 39/39 MP: 5/13
  3443 | D:4      | Noticed Grinder
  3463 | D:5      | Entered Level 5 of the Dungeon
  3660 | D:5      | Reached skill level 5 in Spellcasting
  3673 | D:5      | Found a sand-covered staircase.
  3679 | Ossuary  | Entered an ossuary
  3971 | Ossuary  | Reached skill level 1 in Maces & Flails
  3994 | Ossuary  | Reached XP level 8. HP: 35/45 MP: 15/15
  4089 | Ossuary  | Reached skill level 7 in Earth Magic
  4239 | D:5      | Reached skill level 1 in Conjurations
  5114 | D:4      | Paralysed by Grinder for 4 turns
  5205 | D:4      | Paralysed by Grinder for 6 turns
  5212 | D:4      | Paralysed by Grinder for 6 turns
  5218 | D:4      | Killed Grinder
  5553 | D:4      | Noticed Menkaure
  5568 | D:4      | Killed Menkaure
  5568 | D:4      | Reached skill level 8 in Earth Magic
  5568 | D:4      | Reached XP level 9. HP: 41/50 MP: 8/19
  6018 | D:6      | Found a staircase to the Ecumenical Temple.
  6031 | Temple   | Entered the Ecumenical Temple
  6058 | Temple   | Became a worshipper of Vehumet
  6092 | D:6      | Noticed Duvessa
  6093 | D:6      | Noticed Dowan
  6099 | D:6      | Killed Duvessa
  6102 | D:6      | Killed Dowan
  6564 | D:7      | Reached skill level 9 in Earth Magic
  7281 | D:8      | Noticed a five-headed hydra
  7291 | D:8      | Reached * piety under Vehumet
  7291 | D:8      | Offered knowledge of Magic Dart by Vehumet.
  7296 | D:8      | Killed a five-headed hydra
  7296 | D:8      | Reached XP level 10. HP: 5/56 MP: 5/21
  7334 | D:8      | Learned a level 1 spell: Magic Dart
  7909 | D:9      | Reached skill level 10 in Earth Magic
  8032 | D:9      | Reached skill level 5 in Maces & Flails
  8063 | D:9      | Learned a level 4 spell: Petrify
  8066 | D:9      | Learned a level 2 spell: Passwall
  8116 | D:9      | Noticed Psyche
  8127 | D:10     | Entered Level 10 of the Dungeon
  8463 | D:9      | Killed Psyche
  8782 | D:8      | Found Agreac's Jewellery Shop.
  8797 | D:8      | Bought the ring of Batsoeb {-Tele rPois Int+6 SInv Stlth+}
                  | for 504 gold pieces
  9219 | D:9      | Reached ** piety under Vehumet
  9219 | D:9      | Offered knowledge of Searing Ray by Vehumet.
  9237 | D:9      | Learned a level 2 spell: Searing Ray
  9252 | D:9      | Reached XP level 11. HP: 37/62 MP: 18/24
  9565 | D:9      | Reached skill level 5 in Fighting
  9566 | D:9      | Reached skill level 11 in Earth Magic
  9714 | D:9      | Identified a scroll of acquirement
  9859 | D:9      | Noticed Grum
  9865 | D:9      | Killed Grum
  9904 | D:9      | Offered knowledge of Conjure Flame by Vehumet.
  9911 | D:9      | Learned a level 3 spell: Conjure Flame
 10306 | D:10     | Reached *** piety under Vehumet
 10498 | D:10     | Noticed Fannar
 10536 | D:10     | Killed Fannar
 10536 | D:10     | Reached skill level 10 in Spellcasting
 10653 | D:10     | Found a blossoming altar of Fedhas.
 10847 | D:10     | Offered knowledge of Static Discharge by Vehumet.
 10920 | D:10     | Found a basalt altar of Yredelemnul.
 10921 | D:10     | Noticed a two-headed ogre
 10956 | D:10     | Killed a two-headed ogre
 10956 | D:10     | Reached skill level 5 in Stealth
 11033 | D:10     | Gained mutation: You are partially covered in molten
                  | scales. (AC +2) [potion of mutation]
 11033 | D:10     | Gained mutation: You are partially covered in rugged brown
                  | scales. (AC +1, +3% HP) [potion of mutation]
 11033 | D:10     | Gained mutation: You occasionally shout uncontrollably at
                  | your foes. [potion of mutation]
 11033 | D:10     | Gained mutation: You are partially covered in large bone
                  | plates. (SH +4) [potion of mutation]
 11157 | D:11     | Noticed Maurice
 11174 | D:11     | Killed Maurice
 11344 | D:11     | Learned a level 5 spell: Yara's Violent Unravelling
 11389 | D:11     | Noticed Gastronok
 11423 | D:11     | Killed Gastronok
 11423 | D:11     | Reached XP level 12. HP: 46/73 MP: 11/26
 11608 | D:11     | Reached **** piety under Vehumet
 11659 | D:11     | Found a staircase to the Lair.
 11708 | Lair:1   | Entered Level 1 of the Lair of Beasts
 11921 | Lair:1   | Offered knowledge of Dazzling Spray by Vehumet.
 11929 | Lair:1   | Learned a level 3 spell: Dazzling Spray
 12063 | Lair:1   | Found a blossoming altar of Fedhas.
 12680 | Lair:2   | Reached skill level 12 in Earth Magic
 12695 | Lair:2   | Found a staircase to the Snake Pit.
 12783 | Lair:2   | Got a jewelled cloak
 12794 | Lair:2   | Identified the cursed +0 cloak of Luezuehe {rF+ Str+2
                  | Stlth+} (You found it on level 2 of the Lair of Beasts)
 12810 | Lair:2   | Noticed Sonja
 12821 | Lair:2   | Killed Sonja
 12821 | Lair:2   | Reached skill level 1 in Transmutations
 12872 | Lair:2   | Noticed a catoblepas
 12897 | Lair:2   | Killed a catoblepas
 12897 | Lair:2   | Reached skill level 1 in Staves
 12897 | Lair:2   | Reached skill level 1 in Hexes
 12940 | Lair:2   | Found a staircase to the Swamp.
 13171 | Lair:2   | Got a transparent marble ring
 13173 | Lair:2   | Identified the ring of Pyromania {Wiz rElec Int+4 Stlth+}
                  | (You found it on level 2 of the Lair of Beasts)
 13216 | Lair:2   | Reached skill level 1 in Armour
 13920 | Lair:3   | Reached skill level 5 in Conjurations
 14279 | Lair:3   | Noticed a four-headed hydra
 14288 | Lair:3   | Killed a four-headed hydra
 14288 | Lair:3   | Reached XP level 13. HP: 78/78 MP: 18/28
 14754 | Lair:4   | Noticed Josephine
 15240 | Lair:4   | Killed Josephine
 15258 | Lair:4   | Reached ***** piety under Vehumet
 15287 | Lair:4   | Offered knowledge of Olgreb's Toxic Radiance by Vehumet.
 15549 | Lair:4   | Reached skill level 5 in Dodging
 15880 | Lair:4   | Got a shimmering falchion
 16055 | Lair:4   | Identified the +9 falchion of Chance {elec, SInv} (You
                  | found it on level 4 of the Lair of Beasts)
 16749 | Lair:5   | Found a viscous altar of Jiyva.
 16749 | Lair:5   | Found a staircase to the Slime Pits.
 16755 | Slime:1  | Entered Level 1 of the Pits of Slime
 16758 | Slime:1  | Gained mutation: Your body sometimes deteriorates upon
                  | taking damage. [a shining eye]
 16763 | Slime:1  | Gained mutation: You are weak. (Str -2) [a shining eye]
 17038 | Lair:6   | Entered Level 6 of the Lair of Beasts
 17235 | Lair:6   | Reached skill level 13 in Earth Magic
 17325 | Lair:6   | Noticed Rupert
 17342 | Lair:6   | Paralysed by Rupert for 4 turns
 17347 | Lair:6   | Killed Rupert
 17347 | Lair:6   | Gained mutation: Your large and strong wings let you fly
                  | indefinitely. [Gargoyle growth]
 17347 | Lair:6   | Reached XP level 14. HP: 84/84 MP: 11/30
 18238 | Lair:6   | Reached skill level 10 in Maces & Flails
 18923 | Lair:6   | Reached skill level 14 in Earth Magic
 18941 | Lair:6   | Offered knowledge of Throw Icicle by Vehumet.
 19128 | Lair:6   | Identified the ring of the King {*Tele rF+ Int+3 Slay-3}
                  | (You found it on level 6 of the Lair of Beasts)
 19450 | Lair:4   | Upgraded the game from 0.23-a0-489-g205b0b6 to
                  | 0.23-a0-550-g7de1f8e
 19450 | Lair:4   | Upgraded the game from 0.23-a0-550-g7de1f8e to
                  | 0.23-a0-577-g2b1de94
 19680 | Snake:1  | Entered Level 1 of the Snake Pit
 20227 | Snake:1  | Slain by a naga sharpshooter

Vault maps used:
D:1:      dpeg_arrival_erosion, minmay_ruptured
D:2:      old_standard_altar
D:3:      minmay_misc_feat_plants, uniq_ijyb, uniq_natasha,
          uniq_crazy_yiuf_cottage
D:4:      minmay_bent, uniq_menkaure, uniq_grinder
D:5:      first_ration, nicolae_ossuary_entry_plus
D:6:      minmay_temple_entry_ruins, hangedman_abyss_or_decor_lesser_grid,
          chequers_serial_rivers_micro_e, uniq_duvessa
D:8:      serial_shops, shop
D:9:      grunt_decor_one_mirror, grunt_ogre_cave, uniq_grum, uniq_psyche
D:10:     hangedman_feature_mirror, uniq_fannar
D:11:     erik_lair_dragon, enter_trove_5, uniq_gastronok, uniq_maurice
Temple:   grunt_wide_crystal_templ
Lair:1:   tgw_fedhas
Lair:2:   swamp_mist, minmay_snake_entry_guardpost_medium,
          chequers_serial_rivers_micro_b, cheibrodos_lair_reptile_den,
          uniq_sonja
Lair:4:   minmay_shattered_shrine, uniq_josephine
Lair:5:   dpeg_slime_entry_enclosed_altar, grunt_megastairs_4
Lair:6:   minmay_lair_end_enchanted_forest, uniq_rupert
Snake:1:  serial_shops, nicolae_shop_crystal, nrook_guardian_serpent_ordinary,
          grunt_megastairs_3
Ossuary:  ossuary_tomb_2

Skill      XL: |  1  2  3  4  5  6  7  8  9 10 11 12 13 14 |
---------------+-------------------------------------------+-----
Earth Magic    | 4 5 6 8 9 10 11 12 13 14 | 14.1
Spellcasting   | 3 4 5 6 7 9 10 11 12 | 12.7
Shields        | 1 2 3 4 |  4.0
Fighting       | 1 2 3 4 6 7 8 |  8.2
Stealth        | 3 4 5 6 |  6.0
Maces & Flails | 2 4 5 7 8 9 10 | 10.2
Conjurations   | 1 2 3 4 5 6 7 |  7.1
Dodging        | 2 3 4 5 6 |  6.6
Transmutations | 1 |  1.0
Staves         | 2 |  2.3
Hexes          | 2 3 |  3.2
Armour         | 3 |  3.8

Action                   |  1- 3 |  4- 6 |  7- 9 | 10-12 | 13-15 || total
-------------------------+-------+-------+-------+-------+-------++-------
Melee: Club              |    87 |    13 |       |       |       ||   100
       Whip              |       |    72 |   227 |       |       ||   299
       Mace              |       |       |   160 |    54 |       ||   214
       Staff             |       |       |       |    32 |    54 ||    86
       Demon whip        |       |       |       |   287 |   388 ||   675
 Fire: Blowgun           |       |       |       |     1 |     4 ||     5
Throw: Javelin           |       |     7 |    29 |    20 |     1 ||    57
 Cast: Sandblast         |    22 |    39 |    62 |    90 |    36 ||   249
       Stone Arrow       |     1 |     8 |    56 |    98 |    89 ||   252
       Lee's Rapid Decon |       |       |     5 |    50 |    33 ||    88
       Magic Dart        |       |       |       |   133 |   129 ||   262
       Searing Ray       |       |       |       |     1 |     6 ||     7
       Passwall          |       |       |       |     1 |       ||     1
       Petrify           |       |       |       |     7 |    10 ||    17
       Dazzling Spray    |       |       |       |     1 |    36 ||    37
       Conjure Flame     |       |       |       |       |     5 ||     5
 Abil: Fly               |       |       |       |       |     1 ||     1
Evoke: Wand              |       |       |       |     1 |     2 ||     3
  Use: Scroll            |       |       |     9 |    20 |     9 ||    38
       Potion            |       |       |       |     1 |     2 ||     3
 Stab: Sleeping          |     2 |     1 |     9 |     4 |     2 ||    18
       Distracted        |       |       |       |     1 |     2 ||     3
       Petrified         |       |       |       |     4 |     1 ||     5
       Invisible         |       |       |       |       |     5 ||     5
  Eat: Chunk             |     4 |     5 |    10 |    23 |    21 ||    63
       Ration            |       |       |     2 |     2 |       ||     4
Armor: Robe              |    40 |    31 |   152 |    87 |       ||   310
       Acid dragon scale |       |       |       |    27 |   241 ||   268
Dodge: Dodged            |    66 |    46 |   175 |   175 |   262 ||   724
Block: Buckler           |     5 |    12 |    71 |    75 |   219 ||   382

Table legend:
 A = Non-vault XP
 B = Vault XP
 C = Vault XP percentage of total XP
 D = Non-vault monster count
 E = Vault monster count
 F = Vault count percentage of total count
                 A         B        C        D         E       F
            +---------+---------+-------+---------+---------+-------
      Total |   49153 |   31783 |  39.3 |     310 |     140 |  31.1
            +---------+---------+-------+---------+---------+-------
        D:1 |       9 |       5 |  35.7 |       5 |       3 |  37.5
        D:2 |      31 |       0 |   0.0 |      10 |       0 |   0.0
        D:3 |     168 |     106 |  38.7 |      14 |       3 |  17.6
        D:4 |     428 |     887 |  67.5 |      12 |      10 |  45.5
        D:5 |     595 |       0 |   0.0 |      19 |       0 |   0.0
        D:6 |     620 |     235 |  27.5 |      18 |       2 |  10.0
        D:7 |     973 |       0 |   0.0 |      15 |       0 |   0.0
        D:8 |    2450 |       0 |   0.0 |      22 |       0 |   0.0
        D:9 |    3991 |    1213 |  23.3 |      34 |       7 |  17.1
       D:10 |    2574 |    2133 |  45.3 |      37 |       7 |  15.9
       D:11 |     978 |    3574 |  78.5 |      10 |       8 |  44.4
     Temple |      13 |       0 |   0.0 |       1 |       0 |   0.0
     Lair:1 |    1590 |     557 |  25.9 |       7 |       1 |  12.5
     Lair:2 |    5935 |    2274 |  27.7 |      15 |       7 |  31.8
     Lair:3 |    4084 |       0 |   0.0 |      14 |       0 |   0.0
     Lair:4 |    5791 |    9145 |  61.2 |      21 |      15 |  41.7
     Lair:5 |    3155 |     125 |   3.8 |      14 |       1 |   6.7
     Lair:6 |   14116 |   11304 |  44.5 |      39 |      47 |  54.7
    Snake:1 |    1128 |       0 |   0.0 |       2 |       0 |   0.0
    Slime:1 |     524 |       0 |   0.0 |       1 |       0 |   0.0
    Ossuary |       0 |     225 | 100.0 |       0 |      29 | 100.0
            +---------+---------+-------+---------+---------+-------
